Cogmind - Beta 13 @@@ ROGUE MODE // 2024.04.01 @ 23:00:25 Player: flatmap Result: Destroyed by G-47 Trooper with Particle Gun Performance ------------- Evolutions (2) 1000 Regions Visited (5) 1000 Robots Destroyed (36) 180 Value Destroyed (883) 883 Prototype IDs (7) 140 Alien Tech Used (0) 0 Bonus (11) 11 TOTAL SCORE: 3214 Bonus ------- High Alert Combat Kills 11 Cogmind --------- Core Integrity 0/550 Matter 265/300 Energy 100/100 System Corruption 0% Temperature Cool (27) Movement Core (250) Ox4 Location -8/Storage Parts ------- > --- POWER (1) -------- (None) > --- PROPULSION (3) --- (None) > --- UTILITY (4) ------ Small Storage Unit Medium Storage Unit > --- WEAPON (3) ------- (None) > --- INVENTORY (10) --- (None) Peak State ------------ > --- POWER ------------ Light Nuclear Core > --- PROPULSION ------- Aluminum Leg Aluminum Leg > --- UTILITY ---------- Medium Storage Unit Visual Processing Unit Insulated Plating > --- WEAPON ----------- EM Pulse Gun Medium Laser Grenade Launcher > --- INVENTORY -------- Ion Engine Aluminum Leg Aluminum Leg Aluminum Leg Small Storage Unit Light Armor Plating System Shield Datajack Hammer [Rating: 15] Favorites ----------- Power Light Ion Engine Engine Light Ion Engine Power Core Light Nuclear Core Propulsion Aluminum Leg Leg Aluminum Leg Utility Visual Processing Unit Storage Medium Storage Unit Processor Visual Processing Unit Hackware System Shield Protection Insulated Plating Weapon EM Pulse Gun Energy Gun EM Pulse Gun Launcher Grenade Launcher Impact Weapon Hammer Special Melee Weapon Datajack Build | -11 -10 -9 -9 -8 -8 ------- Run | Yrd Mat Mat Min Mat Sto Slots Evolved 4 | . . 2 . 2 . Power . | . . . . . . Propulsion 1 | . . . . 1 . Utility 2 | . . 1 . 1 . Weapon 1 | . . 1 . . . Parts Attached 42 | 6 11 14 4 3 4 Power 6 | 1 . 2 . 1 2 Engine 5 | 1 . 1 . 1 2 Core 1 | . . 1 . . . Reactor . | . . . . . . Propulsion 8 | 2 1 4 1 . . Treads . | . . . . . . Leg 8 | 2 1 4 1 . . Wheel . | . . . . . . Hover . | . . . . . . Flight . | . . . . . . Utility 12 | 1 3 3 1 2 2 Device . | . . . . . . Storage 5 | 1 1 . 1 . 2 Processor 1 | . 1 . . . . Hackware 1 | . . . . 1 . Protection 5 | . 1 3 . 1 . Artifact . | . . . . . . Weapon 16 | 2 7 5 2 . . Energy Gun 9 | 2 4 2 1 . . Energy Cannon . | . . . . . . Ballistic Gun . | . . . . . . Ballistic Cannon . | . . . . . . Launcher 5 | . 3 2 . . . Special Weapon . | . . . . . . Impact Weapon 1 | . . 1 . . . Slashing Weapon . | . . . . . . Piercing Weapon . | . . . . . . Special Melee Weapon 1 | . . . 1 . . Unidentified Prototypes . | . . . . . . Corrupted Parts 2 | . . 2 . . . System Corruption 11 | . . 11 . . . Parts Lost 17 | . 1 6 2 7 1 Power 3 | . . . 1 1 1 Propulsion 5 | . . 3 1 1 . Utility 3 | . . 1 . 2 . Weapon 6 | . 1 2 . 3 . Highest Loss Streak 7 | . 1 4 2 7 1 To Critical Strikes . | . . . . . . Average Slot Usage (%) 88 | . 98 88 96 56 30 Engine 8 | . 14 . 9 1 8 Core 2 | . . 8 . . . Leg 21 | . 28 20 20 6 . Storage 11 | . 14 11 11 9 8 Processor 9 | . 8 11 11 9 7 Protection 6 | . 3 8 11 11 . Energy Gun 18 | . 27 17 11 4 . Impact Weapon 4 | . . 8 11 4 . Special Melee Weapon 2 | . . . 11 6 . Naked Turns 5 | . . . . . 5 Heaviest Build 25 | 12 20 25 24 18 15 Greatest Support 20 | 20 20 20 20 10 3 Greatest Overweight (x) 4 | . . 4 1 4 4 Average Overweight (x) . | . . . . 1 3 Largest Inventory Capacity 10 | 8 10 10 10 8 10 Average Capacity 9 | 7 9 10 8 8 7 Most Carried 10 | 2 10 10 5 2 2 Average Carried 6 | 1 7 9 3 1 1 Final Capacity 10 | 8 10 10 8 8 10 Final Carried 10 | 2 10 6 3 2 . Class Distribution -------------------- 96% | Mutant 3% | Tank Dominant Class ---------------- Mutant | -10/Materials Mutant | -9/Materials Mutant | -9/Mines Mutant | -8/Materials Mutant | -8/Storage Resources | -11 -10 -9 -9 -8 -8 ----------- Run | Yrd Mat Mat Min Mat Sto Matter Collected 660 | 191 224 152 89 4 . Remotely . | . . . . . . Salvage Created 1104 | . 470 533 101 . . Parts 66 | . 27 34 5 . . Haulers Intercepted . | . . . . . . Recyclers Shooed . | . . . . . . Parts Field Recycled . | . . . . . . Retrieved Matter . | . . . . . . Parts Self-Destructed . | . . . . . . Prevented . | . . . . . . Kills | -11 -10 -9 -9 -8 -8 ------- Run | Yrd Mat Mat Min Mat Sto Combat Hostiles Destroyed 23 | . 10 10 3 . . Melee 1 | . . . 1 . . Guns 11 | . 5 5 1 . . AOE 9 | . 5 4 . . . Classes Destroyed 8 | . 2 6 . . . Worker 5 | . . 5 . . . Builder 2 | . . 2 . . . Recycler 2 | . . 2 . . . Watcher 4 | . 3 1 . . . Swarmer 3 | . . 3 . . . Grunt 16 | . 10 3 3 . . Brawler 2 | . . 2 . . . Sentry 2 | . . 2 . . . Best Kill Streak 14 | . 3 14 2 . . Combat Bots Only 5 | . 2 5 2 . . Max Kills in Single Turn 4 | . 2 4 1 . . Gunslinging . | . . . . . . Exploded 2 | . 2 1 . . . Melee 1 | . . . 1 . . Uniques/NPCs Destroyed . | . . . . . . Combat | -11 -10 -9 -9 -8 -8 -------- Run | Yrd Mat Mat Min Mat Sto Hostile Shots Fired 373 | . 43 191 26 73 40 Missed 141 | . 16 81 5 21 18 Damage Taken 2708 | . 349 1109 226 644 380 Core 880 | . 50 245 23 275 287 Absorbed by Shields . | . . . . . . Core Remaining (%) 71 | 100 80 . 33 . . Volleys Fired 46 | . 25 17 4 . . Largest 3 | . 2 3 1 . . Hottest 120 | . 90 120 56 . . Shots Fired 90 | . 49 36 5 . . Gun 77 | . 44 28 5 . . Cannon . | . . . . . . Launcher 13 | . 5 8 . . . Special . | . . . . . . Kinetic . | . . . . . . Thermal 33 | . 12 16 5 . . Explosive 13 | . 5 8 . . . Electromagnetic 44 | . 32 12 . . . Robot Hit Streak 12 | . 7 12 1 . . Robot Miss Streak 3 | . 3 1 2 . . Penetration Max . | . . . . . . Secondary Targets . | . . . . . . Shots Hit Robots 76 | . 28 32 16 . . Core Hits 49 | . 21 26 2 . . Critical Kills . | . . . . . . Critical Parts Destroyed 2 | . . 1 1 . . Critical Strikes 5 | . . 3 2 . . Burn 2 | . . 1 1 . . Corrupt 1 | . . 1 . . . Smash 2 | . . 1 1 . . Melee Attacks 28 | . . 9 17 2 . Impact 24 | . . 9 13 2 . Slashing . | . . . . . . Piercing . | . . . . . . Sneak Attacks 4 | . . 1 3 . . Combat Hostiles . | . . . . . . Follow-up Attacks . | . . . . . . Damage Inflicted 2406 | . 761 1322 323 . . Guns 720 | . 398 293 29 . . Cannons . | . . . . . . Explosions 1204 | . 363 841 . . . Melee 482 | . . 188 294 . . Ramming . | . . . . . . Kinetic . | . . . . . . Thermal 412 | . 194 189 29 . . Explosive 1100 | . 259 841 . . . Electromagnetic 412 | . 308 104 . . . Impact 482 | . . 188 294 . . Slashing . | . . . . . . Piercing . | . . . . . . Highest Corruption 11 | . . 11 11 . . Average Corruption 9 | . . 6 11 . . Corruption Purged . | . . . . . . Corruption Blocked . | . . . . . . Effects 17 | . . 3 14 . . Message Errors 4 | . . . 4 . . Matter Fused 2 | . . . 2 . . Heat Flow Errors 2 | . . . 2 . . Energy Discharges 3 | . . . 3 . . Parts Rejected 2 | . . 2 . . . Data Loss (minor) 1 | . . . 1 . . Data Loss (major) 1 | . . 1 . . . Misfires 1 | . . . 1 . . Alerts 1 | . . . 1 . . Overload Shots . | . . . . . . Overflow Damage 208 | . 12 119 77 . . Projectiles . | . . . . . . Explosions 72 | . 12 60 . . . Melee 136 | . . 59 77 . . Knockbacks 5 | . . . 5 . . Impact 4 | . . . 4 . . Kinetic . | . . . . . . Secondary 1 | . . . 1 . . Self-Inflicted Damage 35 | . . 35 . . . Shots 2 | . . 2 . . . Rammed . | . . . . . . Targets Rammed . | . . . . . . Kicked . | . . . . . . Crushed . | . . . . . . Highest Temperature 251 | . 226 216 251 . 29 Average Temperature 82 | . 81 88 80 . 11 Received Heat Transfer 942 | . 207 357 126 . 252 Effects 2 | . . . 2 . . Interference 2 | . . . 2 . . Siege Activations . | . . . . . . Robots Corrupted . | . . . . . . Combat Hostiles . | . . . . . . Parts Fried 4 | . . 3 1 . . Impact Corruptions 6 | . . 3 3 . . Robots Melted . | . . . . . . Combat Hostiles . | . . . . . . Parts Melted 1 | . 1 . . . . Heat Transferred 1062 | . 359 555 148 . . Parts Sabotaged . | . . . . . . Parts Stolen . | . . . . . . Parts Stripped . | . . . . . . Power Chain Reactions 1 | . 1 . . . . Alert | -11 -10 -9 -9 -8 -8 ------- Run | Yrd Mat Mat Min Mat Sto Peak Influence 491 | . 314 491 186 102 17 Initial 146 | . . 91 146 72 13 Average 159 | . 163 244 156 68 15 Maximum Alert Level 2 | . 1 2 . . . Low Security (%) 68 | 100 71 23 100 100 100 Level 1 29 | . 28 70 . . . Level 2 1 | . . 5 . . . Level 3 . | . . . . . . Level 4 . | . . . . . . Level 5 . | . . . . . . High Security . | . . . . . . Max Security . | . . . . . . Squads Dispatched 8 | . 4 3 . . 1 Investigation 3 | . 1 1 . . 1 Extermination . | . . . . . . Reinforcement 5 | . 3 2 . . . Assault . | . . . . . . Garrison . | . . . . . . Intercept . | . . . . . . Searches Triggered . | . . . . . . Construction Impeded . | . . . . . . Haulers Reinforced . | . . . . . . Active Scanning Responses . | . . . . . . Cargo Convoy Interrupts . | . . . . . . Stealth | -11 -10 -9 -9 -8 -8 --------- Run | Yrd Mat Mat Min Mat Sto Distress Signals 6 | . 1 4 . 1 . Communications Jammed . | . . . . . . Distress Signals . | . . . . . . Times Spotted 61 | . 17 29 3 5 7 Peak Tracking Total 10 | . 3 10 3 4 7 Tactical Retreats 4 | . . 3 . 1 . Traps | -11 -10 -9 -9 -8 -8 ------- Run | Yrd Mat Mat Min Mat Sto Traps Triggered 2 | . . 1 . . 1 Indirectly . | . . . . . . Trap Hack Attempts . | . . . . . . Triggered . | . . . . . . Disarmed 6 | . 6 . . . . Reprogrammed 5 | . 5 . . . . Reused . | . . . . . . Traps Extracted . | . . . . . . Installed . | . . . . . . Triggered . | . . . . . . Machines | -11 -10 -9 -9 -8 -8 ---------- Run | Yrd Mat Mat Min Mat Sto Machines Disabled 4 | . 2 2 . . . Max in Single Turn 1 | . 1 1 . . . Machines Repaired . | . . . . . . Machines Dismantled . | . . . . . . Machines Sabotaged . | . . . . . . Overloaded Fab Kills . | . . . . . . Hacking | -11 -10 -9 -9 -8 -8 --------- Run | Yrd Mat Mat Min Mat Sto Machines Accessed 6 | . 4 1 . . 1 Terminals 5 | . 3 1 . . 1 Fabricators . | . . . . . . Repair Stations 1 | . 1 . . . . Recycling Units . | . . . . . . Scanalyzers . | . . . . . . Garrison Access . | . . . . . . Total Hacks 22 | . 16 2 . . 4 Successful 14 | . 9 2 . . 3 Failed 8 | . 7 . . . 1 Catastrophic 1 | . 1 . . . . Database Lockouts . | . . . . . . Manual 2 | . . 1 . . 1 Terminals 21 | . 15 2 . . 4 Fabricators . | . . . . . . Repair Stations 1 | . 1 . . . . Recycling Units . | . . . . . . Scanalyzers . | . . . . . . Garrison Access . | . . . . . . Terminal Hacks 13 | . 8 2 . . 3 Record 2 | . 1 1 . . . Prototype ID Bank 4 | . 2 1 . . 1 Terminal Index 1 | . 1 . . . . Alert Level 1 | . . . . . 1 Locate Traps 1 | . . . . . 1 Disarm Traps 1 | . 1 . . . . Reprogram Traps 1 | . 1 . . . . Dispatch Records 1 | . 1 . . . . Zone Layout 1 | . 1 . . . . Fabricator Hacks . | . . . . . . Repair Station Hacks 1 | . 1 . . . . Scan Component 1 | . 1 . . . . Recycling Unit Hacks . | . . . . . . Scanalyzer . | . . . . . . Garrison Access Hacks . | . . . . . . Unauthorized Hacks . | . . . . . . Terminals . | . . . . . . Fabricators . | . . . . . . Repair Stations . | . . . . . . Recycling Units . | . . . . . . Scanalyzers . | . . . . . . Garrison Access . | . . . . . . Data Cores Recovered . | . . . . . . Used . | . . . . . . Hacking Detections 5 | . 3 1 . . 1 Full Trace Events 2 | . 1 . . . 1 Feedback Events . | . . . . . . Feedback Blocked . | . . . . . . Robot Schematics Acquired . | . . . . . . Robots Built . | . . . . . . Authchips . | . . . . . . Time . | . . . . . . Total Robot Build Rating . | . . . . . . Part Schematics Acquired . | . . . . . . Parts Built . | . . . . . . Authchips . | . . . . . . Time . | . . . . . . Total Part Build Rating . | . . . . . . Parts Repaired . | . . . . . . Time . | . . . . . . Parts Recycled . | . . . . . . Recycled Matter . | . . . . . . Retrieved Matter . | . . . . . . Retrieved Components . | . . . . . . Parts Scanalyzed . | . . . . . . Part Schematics Acquired . | . . . . . . Parts Damaged . | . . . . . . Bothacking | -11 -10 -9 -9 -8 -8 ------------ Run | Yrd Mat Mat Min Mat Sto Used RIF Installer . | . . . . . . Robots Hacked 2 | . . . 2 . . Non-combat 1 | . . . 1 . . Combat 1 | . . . 1 . . Robot Hacks Applied 3 | . . . 3 . . parse_system 2 | . . . 2 . . no_distress 1 | . . . 1 . . Relay Couplers Released . | . . . . . . Fabnet Peak Effective % . | . . . . . . Robots Rewired . | . . . . . . Allies Hacked . | . . . . . . Hacks Repelled . | . . . . . . Allies | -11 -10 -9 -9 -8 -8 -------- Run | Yrd Mat Mat Min Mat Sto Total Allies . | . . . . . . Largest Group . | . . . . . . Highest-Rated Group . | . . . . . . Highest-Rated Ally . | . . . . . . Total Orders . | . . . . . . Ally Attacks . | . . . . . . Total Damage . | . . . . . . Kills . | . . . . . . Allies Corrupted . | . . . . . . Allies Melted . | . . . . . . Intel | -11 -10 -9 -9 -8 -8 ------- Run | Yrd Mat Mat Min Mat Sto Robot Analysis Total . | . . . . . . Derelict Logs Recovered 1 | . . . 1 . . Drone Launches . | . . . . . . Drone Recoveries . | . . . . . . Exploration | -11 -10 -9 -9 -8 -8 ------------- Run | Yrd Mat Mat Min Mat Sto Turns Passed 1943 | 137 753 519 324 108 102 Spaces Moved 1161 | 109 511 241 197 57 46 Core 77 | 6 . 6 . 19 46 Treads . | . . . . . . Legs 1084 | 103 511 235 197 38 . Wheels . | . . . . . . Hover . | . . . . . . Flight . | . . . . . . Fastest Speed 50 | 50 120 120 120 100 50 Average Speed 138 | 116 120 173 128 172 211 Slowest Speed 250 | 120 120 250 190 250 250 Overloaded Moves . | . . . . . . Propulsion Burnouts . | . . . . . . Robots Hopped . | . . . . . . Cave-ins Triggered . | . . . . . . Exploration Rate (%) 27 | 7 66 30 45 10 8 Regions Visited 5 Branch Regions 2 Pre-discovered Areas 1 | . . . 1 . . Known Exits Taken . | . . . . . . Unknown Exits Taken 5 | 1 1 1 1 1 . Scrap Searched . | . . . . . . Spaces Dug . | . . . . . . Terrain Destroyed 78 | . 43 35 . . . Melee . | . . . . . . Projectile . | . . . . . . AOE 78 | . 43 35 . . . Terrain Rammed . | . . . . . . Walls Destroyed . | . . . . . . Machines Disabled . | . . . . . . Actions | -11 -10 -9 -9 -8 -8 --------- Run | Yrd Mat Mat Min Mat Sto Total 1358 | 116 598 292 239 62 51 Wait 66 | . 43 5 18 . . Move 1156 | 108 510 240 196 56 46 Hop . | . . . . . . Pick Up 12 | 2 7 2 . 1 . Fast Attach 14 | 6 2 4 . 1 1 Attach 14 | . 1 5 3 2 3 Detach 2 | . 1 . . . 1 Swap 14 | . 8 5 1 . . Drop 6 | . 1 5 . . . Fire 46 | . 25 17 4 . . Melee 28 | . . 9 17 2 . Ram . | . . . . . . Kick . | . . . . . . Crush . | . . . . . . Escape Stasis . | . . . . . . Rewire . | . . . . . . Trap . | . . . . . . Miscellaneous . | . . . . . . Route ------- -11/Scrapyard -10/Materials (discovered 2 exits: *Mat x2) -9/Materials -9/Mines (discovered 2 exits: [*Mat] / [*Zio]) -8/Materials -8/Storage History --------- Turn | Location | Event 4 | -11/Scrapyard | Discovered new exit (range 15) 138 | -11/Scrapyard | Entered Materials 300 | -10/Materials | Build established: Mutant 440 | -10/Materials | Discovered new exit (range 11) 614 | -10/Materials | Discovered new exit (range 5) 891 | -10/Materials | Entered another Materials area 891 | -9/Materials | Evolved 2 slots: Utility x1, Weapon x1 1354 | -9/Materials | System corruption reached 10% 1371 | -9/Materials | Discovered new exit (range 18) 1399 | -9/Materials | Core integrity fell below 50% 1400 | -9/Materials | Lost 4 parts (3n1w) 1410 | -9/Materials | Entered Mines 1546 | -9/Mines | Learned location of Storage (-8) 1601 | -9/Mines | Excavation squad dispatched 1601 | -9/Mines | A large section of the Mines collapsed 1689 | -9/Mines | A Derelict revealed a hidden shortcut to a safe place 1702 | -9/Mines | Discovered new exit (range 6) 1734 | -9/Mines | Entered Materials 1734 | -8/Materials | Evolved 2 slots: Propulsion x1, Utility x1 1835 | -8/Materials | Discovered new exit (range 6) 1842 | -8/Materials | Entered Storage 1860 | -8/Storage | Lost 7 parts (1p1n2u3w) 1920 | -8/Storage | Core integrity fell below 50% 1941 | -8/Storage | Core integrity fell below 20% 1944 | -8/Storage | Destroyed by G-47 Trooper with Particle Gun Last Messages --------------- >>Alert(Check) Current Alert Level: Low Security >>Prototypes Downloading prototype IDs... Cld. Pulse Rifle Hvy. EM Shotgun 01851_ Connecting with Terminal... 01851_ ALERT: Suspicious activity at Terminal S014. Dispatching Investigation squad. 01871_ K-01 Serf collects debris. 01913_ Critical hit (Burn: +37). 01914_ K-01 Serf collects debris. 01921_ Triggered Blade Trap. 01921_ Massive razor-sharp blades shoot up from within the floor. 01921_ Deuterium Engine severed. 01921_ System Shield severed. 01921_ Visual Processing Unit severed. 01924_ Acquired Deuterium Engine. 01930_ Critical hit (Burn: +37). 01932_ Deuterium Engine destroyed. Map ----- +----------------------------------------------------+ | | | | | | | | | | | | | | | | | | | | | | | | | | | | | | | | | | | ?????????????????????????????????????????????????? | | ?????????????????????????????????????????????????? | | ?????????????????????????????????????????????????? | | ?????????????????????????????????????????????????? | | ???????????###???????????????????????????????????? | | ????????####T##########################T?????????? | | ????????# ^ gg ????????? | | ????????# ^g gg ????????? | | ????????# g @ ????????? | | ????????######+###################???????????????? | | ????????????# #???????????????????????? | | ????????????# """ """ #???????????????????????? | | ????????????# """ """ #???????????????????????? | | ????????????# """ """ #???????????????????????? | | ????????????# #???????????????????????? | | ????????????#/############???????????????????????? | | ????????????# ??????????????????????????????????? | | ????????????" ??????????????????????????????????? | | ????????????# ?????????????????????????????????? | | ????????????# ?????????????????????????????????? | | ????????????# #????????????????????????????????? | | ????????????# #????????????????????????????????? | | ????????????# #????????????????????????????????? | | ????????????# #????????????????????????????????? | | ????????????# +????????????????????????????????? | | ????????????? #????????????????????????????????? | | ????????????? #????????????????????????????????? | | ????????????? #????????????????????????????????? | | ????????????? #????????????????????????????????? | | ????????????? #????????????????????????????????? | | ????????????? ?????????????????????????????????? | | ????????????? ?????????????????????????????????? | | ?????????????????????????????????????????????????? | +----------------------------------------------------+ Best States ------------- Heat Dissipation 31 Energy Generation 14 Energy Capacity 275 Matter Stores 300 Matter Capacity 300 Sight Range 18 Terrain Scan Density 10 Armor Coverage 300 Resistance: EM 15 Evasion (%) 55 Defensive Hacking 10 Item Schematics ----------------- None Robot Schematics ------------------ None Fabricated ------------ Nothing Alien Tech Used ----------------- None Achievements -------------- None Challenges ------------ None Game ------ Seed FieldSegregatorNukerbomber Manual? 0 Play Time 00:27:43 Cumulative 5.0 hours Start 2024.04.01 @ 22:33:01 End 2024.04.01 @ 23:00:25 Sessions 1 Manual Loads 0 Difficulty Rogue Special Mode None Game No. 7 Rogue 7 Adventurer 0 Explorer 0 Win Type - Total 0 Types 0/0/0/0/0/0/0/0/0 Lore% 1 Gallery% 8 Achievement% 8 Wizard Run 0 Options --------- Layout 0 ASCII 0 Keyboard 1 Movement Arrows Keybinds 0 Fullscreen 2 Font 24/Proggy Map View 76x50 Zoom Use 0% Tactical HUD 1 Map Filters NONE Filters NONE Steam 0 RUN: af549dcd-f2d8-4b2c-a30f-d4d169ad1aeb